Map: Frostline LE

Players

Crayok

  • Race: Zerg Zerg
  • League: Silver
  • Spawn Location: 7:00

IIIIIIIIIIII - Winner!

  • Race: Protoss Protoss
  • League: Silver
  • Spawn Location: 1:00

VOD

Have the link to the VOD?

Description

Crazy proxy gateway into 8 zealots in 3 minutes!!!!!!! How do i beat this?

Time

  • Played on: April 9, 2025, 1:08 p.m.
  • Length: 4:00
Show
View Real Time Build Order
Export as new Build Order

Crayok Zerg 

Build Orders: Pool Only 

Get SALT Encoding   

  12  0:07  Drone  
  13  0:13  Overlord  
  13  0:21  Drone  
  14  0:32  Drone  
  15  0:45  Drone x2  
  17  0:50  Spawning Pool  
  16  0:57  Drone  
  17  1:05  Overlord  
  17  1:16  Extractor  
  17  1:17  Drone  
  17  1:26  Drone  
  18  1:35  Drone  
  18  1:38  Queen  
  21  1:44  Zergling x2  
  22  2:01  Zergling x2  
  22  2:07  Zergling x2  
  24  2:19  Queen  
  26  2:25  Drone  
  27  2:35  Zergling x2  
  28  2:53  Drone x2  
  28  2:55  Extractor  
  29  3:01  Lair  
  29  3:13  Drone x2  
  29  3:14  Drone  
  28  3:26  Zergling x2  
  29  3:38  Drone  
  29  3:39  Drone x2  
Show
View Real Time Build Order
Export as new Build Order

IIIIIIIIIIII Protoss - Winner!

Build Orders:  

Get SALT Encoding   

  12  0:01  Probe  
  13  0:13  Probe  
  14  0:25  Probe  
  15  0:44  Pylon  
  15  1:02  Probe  
  16  1:06  Gateway  
  16  1:09  Gateway x2  
  16  1:14  Probe  
  17  1:25  Gateway  
  17  1:26  Probe  
  18  1:32  Pylon  
  18  1:33  Pylon  
  18  2:11  Zealot x2  
  18  2:12  Zealot  
  18  2:16  Zealot  
  26  2:33  Zealot x3  
  26  2:43  Zealot  
  34  2:45  Pylon  
  34  2:47  Pylon  
  34  3:00  Zealot x2  
  34  3:03  Zealot  
  40  3:10  Zealot  
  42  3:27  Zealot x2  
  42  3:30  Zealot  
Tags
 
Matchup
PvZ
Opening
Pool Only
Spawn Locations
Cross Positions
Add a new tag
Caveats
  • Supply blocks, unpowered buildings, or Contaminate may cause inaccurate times.
  • Supply counts are checked every 10 seconds.